 Dungeon Crawl Stone Soup version 0.29.1-1-gd02db6906a (webtiles) character file.

Game seed: 5962676626102341860

14 H0rd4k the Insei (level 2, 0/18 HPs)
             Began as an Octopode Transmuter on Oct 17, 2022.
             Slain by a hobgoblin (4 damage)
             ... on level 1 of the Dungeon.
             The game lasted 00:00:25 (565 turns).

H0rd4k the Insei (Octopode Transmuter)               Turns: 565, Time: 00:00:25

Health: 0/18       AC:  1    Str:  9    XL:     2   Next: 45%
Magic:  5/5        EV: 13    Int: 15    God:
Gold:   18         SH:  0    Dex: 12    Spells: 4/5 levels left

rFire   . . .      SeeInvis .     - Unarmed
rCold   . . .      Faith    .   (no shield)
rNeg    . . .      Spirit   .   (helmet restricted)
rPois   .          Reflect  .   (no amulet)
rElec   .          Harm     .   (no ring)
rCorr   .          Rampage  .   (no ring)
Will    .....                   (no ring)
Stlth   ++........              (no ring)
HPRegen 0.06/turn               (no ring)
MPRegen 0.09/turn               (no ring)
                                (no ring)
                                (no ring)

@: no status effects
A: almost no armour, amphibious, 8 rings, camouflage 1, gelatinous body 1,
(nimble swimmer 1), tentacles
a: no special abilities


You were on level 1 of the Dungeon.
You visited 1 branch of the dungeon, and saw 1 of its levels.

You collected 18 gold pieces.

Inventory:

Scrolls
 c - a scroll of identify {unknown}
 d - a scroll of poison {unknown}
 e - a scroll of enchant armour {unknown}
Potions
 a - a potion of lignification
 b - a potion of magic {unknown}


   Skills:
 + Level 1.0 Fighting
 + Level 2.1 Dodging
 + Level 3.3 Unarmed Combat
 + Level 2.3 Spellcasting
 + Level 2.1 Transmutations


You had 4 spell levels left.
You knew the following spells:

 Your Spells              Type           Power      Damage    Failure   Level
a - Beastly Appendage     Tmut           16%        N/A       9%          1

Your spell library contained the following spells:

 Spells                   Type           Power      Damage    Failure   Level
 Wereblood                Tmut           8%         N/A       14%         2
 Spider Form              Tmut/Pois      4%         N/A       38%         3
 Ice Form                 Ice/Tmut       4%         N/A       80%         4


Dungeon Overview and Level Annotations

Branches:
Dungeon (1/15)

Altars:


Innate Abilities, Weirdness & Mutations

You cannot wear most types of armour.
You are amphibious.
You can wear up to eight rings at the same time.
Your skin changes colour to match your surroundings (Stealth+).
Your rubbery body absorbs attacks. (AC +1, EV +1)
((You are camouflaged when in or above water. (Stealth+)))
You have tentacles for arms and can constrict up to eight enemies at once.


Message History

A rat is nearby!
A ball python comes into view.
The rat bites you.
There are monsters nearby!
You tentacle-slap the rat.
You kill the rat!
A ball python is nearby!
A goblin and a hobgoblin come into view.
There are monsters nearby!
There are monsters nearby!
There are monsters nearby!
There are monsters nearby!
The goblin shouts!
The hobgoblin shouts!
The ball python hisses angrily.
The goblin hits you with a +0 dagger. The hobgoblin hits you.
There are monsters nearby!
You are too injured to fight recklessly!
There are monsters nearby!
You are too injured to fight recklessly!
There are monsters nearby!
You are too injured to fight recklessly!
There are monsters nearby!
You are too injured to fight recklessly!
You are too injured to fight recklessly!
Unknown command.
The ball python attacks as you move away!
The ball python misses you. The ball python barely misses you.
The ball python misses you. The goblin attacks as you move away!
The goblin hits you with a +0 dagger.
* * * LOW HITPOINT WARNING * * *
The hobgoblin attacks as you move away! The hobgoblin misses you.
The goblin hits you with a +0 dagger.
* * * LOW HITPOINT WARNING * * *
The hobgoblin attacks as you move away! The hobgoblin misses you.
You see here a scroll labelled KYMEX ICOCKARR.
You tentacle-slap the goblin.
You kill the goblin!
You barely miss the hobgoblin. Your grab misses the hobgoblin.
The hobgoblin hits you.
You die...

...###.#..#### ##...>........
#... #.#.....######.##.#.....
#...###?###......###....†.....
#.>...####...#..........###.
###.....####.............#
##.......######.#......#.#
#.........# #.#......#.#
#...$.....#####.###.......
#........Sg@...........###.
###.........######..#.##..#
......|.....# . ..# #...
##.........# .. ...
#.........# #.........#
#.........# #.........#
##.......##


You could see a hobgoblin and a ball python.

Vanquished Creatures
  2 dart slugs (D:1)
  A giant cockroach (D:1)
  2 goblins (D:1)
  2 quokkas (D:1)
  2 frilled lizards (D:1)
  A rat (D:1)
10 creatures vanquished.

Notes
Turn   | Place    | Note
-------+----------+-------------------------------------------
     0 | D:1      | H0rd4k the Octopode Transmuter began the quest for the Orb.
     0 | D:1      | Reached XP level 1. HP: 13/13 MP: 3/3
   245 | D:1      | Reached XP level 2. HP: 8/18 MP: 5/5
   565 | D:1      | Slain by a hobgoblin

Illustrated notes

Levels and vault maps discovered:
D:1:      erik_arrival_blinker_ship, layout_rooms,
          hellmonk_ecumenical_altar_crossroads

Action                   || total
-------------------------++-------
Melee: Unarmed           ||    25
       Constrict         ||     6
       Tentacles         ||     2
 Cast: Beastly Appendage ||     1
 Stab: Sleeping          ||     2
Armor: Skin              ||     1
Dodge: Dodged            ||    15
